 Dungeon Crawl Stone Soup version 0.30-a0-711-gf4ac18a38d (webtiles) character file.

Game seed: 12871188285690982280

79 Darius099 the Sneak (level 4, -3/24 HPs)
             Began as a Tengu Enchanter on Jan 23, 2023.
             Slain by a gnoll
             ... wielding a +0 spear
              (6 damage)
             ... on level 2 of the Dungeon.
             The game lasted 00:01:47 (758 turns).

Darius099 the Sneak (Tengu Enchanter)                Turns: 758, Time: 00:01:48

Health: -3/24      AC:  3    Str:  8    XL:     4   Next: 38%
Magic:  8/8        EV: 14    Int: 16    God:
Gold:   90         SH:  0    Dex: 22    Spells: 8/8 levels left

rFire   . . .      SeeInvis .    a - +1 dagger
rCold   . . .      Faith    .    (no shield)
rNeg    . . .      Spirit   .    b - +0 robe
rPois   .          Reflect  .    (helmet restricted)
rElec   .          Harm     .    (no cloak)
rCorr   .          Rampage  .    l - +0 pair of gloves
Will    .....                    (boots unavailable)
Stlth   +++                      (no amulet)
HPRegen 0.24/turn                f - +6 ring of dexterity
MPRegen 0.11/turn                (no ring)

@: no status effects
A: beak, talons 3
a: no special abilities


You were on level 2 of the Dungeon.
You visited 1 branch of the dungeon, and saw 2 of its levels.

You collected 90 gold pieces.

Inventory:

Hand Weapons
 a - a +1 dagger (weapon)
Armour
 b - a +0 robe (worn)
 l - a +0 pair of gloves (worn)
Jewellery
 f - a +6 ring of dexterity (left hand)
Scrolls
 d - a scroll of fog {unknown}
 e - a scroll of fear {unknown}
 g - a scroll of torment {unknown}
 h - 3 scrolls of identify {unknown}
 i - a scroll of teleportation {unknown}
 j - a scroll of blinking {unknown}
 k - a scroll of enchant armour {unknown}
Potions
 c - 2 potions of invisibility
 m - a potion of curing {unknown}


   Skills:
 + Level 2.1 Short Blades
 + Level 3.0 Dodging
 + Level 3.5 Stealth
 + Level 2.5 Spellcasting
 + Level 2.5 Hexes


You had 8 spell levels left.
You didn't know any spells.
Your spell library contained the following spells:

 Spells                   Type           Power      Damage    Failure   Level
 Ensorcelled Hibernation  Hex/Ice        12%        N/A       17%         2
 Confusing Touch          Hex            10%        N/A       21%         3
 Tukima's Dance           Hex            10%        N/A       21%         3
 Dazzling Flash           Conj/Hex       12%        N/A       34%         3


Dungeon Overview and Level Annotations

Branches:
Dungeon (2/15)

Altars:


Innate Abilities, Weirdness & Mutations

You have a beak for a mouth.
You have claws for feet.


Message History

You kill the gnoll!
The gnoll misses you.
Your Short Blades skill increases to level 2!
You have reached level 4!
You feel clever.
You hit the gnoll. You claw the gnoll.
You kill the gnoll!
The gnoll closely misses you.
You miss the adder. Your kick misses the adder. You peck the adder.
The adder is lightly wounded.
The adder completely misses you. The gnoll completely misses you.
You hit the adder. You claw the adder. You peck the adder, but do no damage.
The adder is heavily wounded.
The adder closely misses you.
The gnoll hits you from afar with a +0 spear.
You hit the adder. You claw the adder, but do no damage.
The adder is severely wounded.
The adder misses you. The gnoll closely misses you.
You hit the adder. Your kick misses the adder.
The adder is almost dead.
The adder barely misses you.
The gnoll hits you from afar with a +0 spear.
The gnoll barely misses you.
You hit the adder but do no damage. Your kick misses the adder.
The adder is almost dead.
The adder barely misses you. x2
You miss the adder.
The adder is almost dead.
The gnoll hits you from afar with a +0 halberd!
* * * LOW HITPOINT WARNING * * *
The gnoll closely misses you. The adder bites you.
* * * LOW HITPOINT WARNING * * *
You miss the adder. You claw the adder.
You kill the adder!
The gnoll hits you from afar with a +0 spear.
* * * LOW HITPOINT WARNING * * *
The gnoll closely misses you.
Your Dodging skill increases to level 3!
The gnoll hits you with a +0 spear.
You die...

######### #######
..#....=## ##.....##
...?.....## ##.......##
..........# #.........#
....$.....# #....†....#
..........# #.........#
..........# #.........#
.........g####.........#
.........g@...#.......##
.........####.<.......<#
!.#....... ##..........#
# ##.#..##.#......†....#
#.##......#.........# #
#....###.........#
####....#.......##
###..........##
#........#...##


You could see 2 gnolls.

Vanquished Creatures
  3 adders (D:2)
  2 gnolls (D:2)
  A worm (D:2)
  4 ball pythons
  2 endoplasms
  2 giant cockroaches
  2 goblins (D:1)
  2 hobgoblins (D:2)
  2 kobolds
  3 quokkas (D:1)
  2 bats (D:1)
  2 frilled lizards
  3 rats (D:1)
30 creatures vanquished.

Notes
Turn   | Place    | Note
-------+----------+-------------------------------------------
     0 | D:1      | Darius099 the Tengu Enchanter began the quest for the Orb.
     0 | D:1      | Reached XP level 1. HP: 10/10 MP: 4/4
   201 | D:1      | Reached XP level 2. HP: 15/15 MP: 6/6
   592 | D:2      | Reached XP level 3. HP: 19/19 MP: 7/7
   750 | D:2      | Reached XP level 4. HP: 24/24 MP: 8/8
   758 | D:2      | Slain by a gnoll

Illustrated notes

Levels and vault maps discovered:
D:1:      minmay_arrival_five_plusses, layout_loops_cross
D:2:      minmay_wonky_spiral, layout_rooms, kennysheep_generic_room_13

Skill      XL: |  1  2  3  4 |
---------------+-------------+-----
Short Blades   | 2 |  2.1
Dodging        | 3 |  3.0
Stealth        | |  3.5
Spellcasting   | |  2.5
Hexes          | |  2.5

Action                     |  1- 3 |  4- 6 || total
---------------------------+-------+-------++-------
  Melee: Dagger            |    69 |     8 ||    77
         Kick              |    22 |     4 ||    26
         Peck              |     6 |     2 ||     8
   Stab: Sleeping          |     5 |       ||     5
 Armour: Robe              |    10 |       ||    10
  Dodge: Dodged            |    36 |    12 ||    48

Table legend: (Time is in decaauts)
 A = Elapsed time spent in this place.
 B = Non-inter-level travel time spent in this place.
 C = Inter-level travel time spent in this place.
 D = Time resting spent in this place.
 E = Time spent auto-exploring this place.
 F = Levels seen in this place.
 G = Mean time per level.
                   A        B        C        D        E       F      G
               +--------+--------+--------+--------+--------+-----+--------+
         Total |    752 |    741 |     11 |     39 |    451 |   2 |  376.0 |
       Dungeon |    752 |    741 |     11 |     39 |    451 |   2 |  376.0 |
               +--------+--------+--------+--------+--------+-----+--------+

Top non-repeatable levels by time:
     D:1: 560 daAuts
     D:2: 191 daAuts
